 Dungeon Crawl Stone Soup version 0.19-a0-1834-g6b7851e (webtiles) character file.

1502 junb69 the Carver (level 8, -13/60 HPs)
             Began as an Octopode Gladiator on Oct 8, 2016.
             Was a Believer of Dithmenos.
             Mangled by an orc warrior
             ... wielding a +0 flail
              (19 damage)
             ... on level 6 of the Dungeon.
             The game lasted 00:09:58 (6700 turns).

junb69 the Carver (Octopode Gladiator)              Turns: 6700, Time: 00:09:59

Health: -13/60     AC:  1    Str: 14    XL:     8   Next: 82%
Magic:  8/8        EV: 13    Int: 11    God:    Dithmenos [**....]
Gold:   197        SH:  3    Dex: 14    Spells: 0 memorised, 7 levels left

rFire  . . .     SeeInvis .     a - +0 long sword
rCold  . . .     Gourm    .     r - +0 buckler
rNeg   . . .     Faith    .     b - +0 hat
rPois  .         Spirit   .     (no amulet)
rElec  .         Dismiss  .     (no ring)
rCorr  .         Reflect  .     (no ring)
MR     .....     Harm     .     (no ring)
Stlth  +++.......               (no ring)
                                (no ring)
                                (no ring)
                                (no ring)
                                (no ring)

@: very slightly contaminated, hasted, wreathed by umbra, very quick
A: almost no armour, stealthy swim, amphibious, 8 rings, constrict 8, camouflage
1, gelatinous body 1
a: Shadow Step, Renounce Religion


You were on level 6 of the Dungeon.
You worshipped Dithmenos.
Dithmenos was pleased with you.
You were not hungry.

You visited 1 branch of the dungeon, and saw 6 of its levels.

You collected 197 gold pieces.

Inventory:

Hand Weapons
 a - a +0 long sword (weapon)
Missiles
 c - 3 throwing nets (quivered)
Armour
 b - a +0 hat (worn)
 r - a +0 buckler (worn)
Jewellery
 o - an uncursed ring of stealth {unknown}
Wands
 y - a wand of slowing (3/48)
 C - a wand of teleportation (5/9)
Scrolls
 f - 4 scrolls of magic mapping
 h - 2 scrolls of noise {unknown}
 j - a scroll of fog {unknown}
 l - 2 scrolls of amnesia {unknown}
 p - a scroll of identify
 x - a scroll of remove curse {unknown}
 A - a scroll of teleportation {unknown}
 B - 2 scrolls of enchant weapon {unknown}
 F - a scroll of fear {unknown}
 G - a scroll of recharging {unknown}
 H - 2 scrolls of enchant armour {unknown}
Potions
 e - 3 potions of lignification {unknown}
 g - a potion of agility {unknown}
 i - 5 potions of curing
 k - a potion of cancellation {unknown}
 u - 2 potions of degeneration {unknown}
 v - 2 potions of heal wounds {unknown}
 E - 2 potions of resistance {unknown}
Books
 n - a Fen Folio

   Spells                             Type                      Level
   a - Corpse Rot                     Necromancy                   2
   b - Stone Arrow                    Conjuration/Earth            3
   c - Leda's Liquefaction            Hexes/Earth                  4
   d - Summon Forest                  Summoning/Translocation      5
   e - Hydra Form                     Transmutation                6
   f - Summon Hydra                   Summoning                    7
Comestibles
 d - 5 bread rations
 m - 2 meat rations
 w - a royal jelly
 D - 2 fruits


   Skills:
 - Level 7.6 Fighting
 - Level 8.2 Long Blades
 - Level 2.0 Throwing
 * Level 3.1 Dodging
 * Level 0.6 Shields


You had 7 spell levels left.
You didn't know any spells.

Dungeon Overview and Level Annotations

Branches:
Dungeon (6/15)             Temple (0/1) D:4

Altars:
Dithmenos
Nemelex Xobeh
Okawaru
Sif Muna
Zin

Shops:
D:4 [


Innate Abilities, Weirdness & Mutations

You cannot wear most types of armour.
You are very stealthy in the water. (Stealth+)
You are amphibious.
You can wear up to eight rings at the same time.
You can use your tentacles to constrict eight enemies at once.
Your skin changes colour to match your surroundings (Stealth+).
Your rubbery body absorbs attacks. (AC +1, EV +1)


Message History

You hit the orc warrior but do no damage.
The orc warrior is lightly wounded.
You constrict the orc warrior, but do no damage.
You hit the orc warrior but do no damage.
You squeeze the orc warrior.
The orc warrior is lightly wounded.
You constrict the orc warrior. The orc warrior hits you with a flail!
You hit the orc warrior but do no damage.
You squeeze the orc warrior, but do no damage.
The orc warrior is moderately wounded.
You constrict the orc warrior, but do no damage.
The orc warrior hits you with a flail!
You feel yourself speed up.
You constrict the orc warrior. The orc warrior hits you with a flail!!
* * * LOW HITPOINT WARNING * * *
You are very lightly contaminated with residual magic.
You hit the orc warrior but do no damage.
The orc warrior is heavily wounded.
You constrict the orc warrior. The orc warrior hits you with a flail!!
You die...

.################
........@ooo.....
#####..#########
#..# #..# #..#
#..# #..# #..#
#..#########


You could see an orc warrior and 2 orcs.

Vanquished Creatures
  Eustachio (D:5)
  A water moccasin (D:5)
  An ice beast (D:5)
  An orc warrior (D:5)
  An ogre (D:5)
  2 phantoms (D:4)
  Blork the orc (D:5)
  A scorpion (D:5)
  3 wights (D:4)
  2 centaur skeletons (D:4)
  3 orc wizards
  3 orc priests (D:4)
  A bullfrog skeleton (D:5)
  2 hounds
  2 worker ants (D:5)
  A hound skeleton (D:5)
  9 adders
  A shadow imp (D:6)
  An ooze (D:3)
  A worm (D:2)
  3 dart slugs
  5 leopard geckos
  19 orcs
  5 bats
  2 giant cockroaches
  7 goblins
  2 hobgoblins
  6 jackals
  A quokka (D:3)
  2 ball pythons (D:3)
  9 frilled lizards
  11 kobolds
  5 rats
115 creatures vanquished.

Notes
Turn   | Place    | Note
-------+----------+-------------------------------------------
     0 | D:1      | junb69 the Octopode Gladiator began the quest for the Orb.
     0 | D:1      | Reached XP level 1. HP: 14/14 MP: 1/1
     3 | D:1      | Noticed an electric eel
     3 | D:1      | Noticed an electric eel
   509 | D:1      | Reached XP level 2. HP: 19/20 MP: 2/2
   876 | D:1      | Reached XP level 3. HP: 19/25 MP: 3/3
  1818 | D:2      | Found an iron altar of Okawaru.
  1957 | D:2      | Reached skill level 4 in Long Blades
  2254 | D:3      | Reached XP level 4. HP: 31/31 MP: 4/4
  2520 | D:3      | Found a shadowy altar of Dithmenos.
  2534 | D:3      | Became a worshipper of Dithmenos the Shadowed
  2841 | D:3      | Found a deep blue altar of Sif Muna.
  2910 | D:3      | Reached XP level 5. HP: 37/37 MP: 5/5
  3160 | D:4      | Found a staircase to the Ecumenical Temple.
  3381 | D:4      | Reached skill level 5 in Long Blades
  3511 | D:4      | Noticed a phantom
  3567 | D:4      | Killed a phantom
  3567 | D:4      | Reached XP level 6. HP: 14/44 MP: 6/6
  3788 | D:4      | Found Ucel Faaty's Armour Shoppe.
  3923 | D:4      | Reached * piety under Dithmenos
  4285 | D:4      | Noticed a phantom
  4308 | D:4      | Killed a phantom
  4308 | D:4      | Reached skill level 5 in Fighting
  4308 | D:4      | Reached XP level 7. HP: 28/50 MP: 7/7
  4518 | D:4      | Found a glowing silver altar of Zin.
  4518 | D:4      | Noticed an angel
  4571 | D:4      | Reached skill level 6 in Long Blades
  4987 | D:5      | Entered Level 5 of the Dungeon
  4990 | D:5      | Noticed Eustachio
  4998 | D:5      | Killed Eustachio
  5223 | D:5      | Reached skill level 7 in Long Blades
  5223 | D:5      | Reached XP level 8. HP: 58/58 MP: 8/8
  5334 | D:5      | Found a sparkling altar of Nemelex Xobeh.
  6032 | D:5      | Noticed Blork the orc
  6047 | D:5      | Killed Blork the orc
  6047 | D:5      | Reached ** piety under Dithmenos
  6065 | D:5      | Reached skill level 8 in Long Blades
  6700 | D:6      | Mangled by an orc warrior

Vault maps used:
D:1:      arrival_aquarium_b, minmay_misc_feat_nine_boxes, minmay_octomino_e4
D:2:      kennysheep_okawaru_gauntlet
D:3:      led_sif_pool, grunt_dithmenos_smoke_and_mirrors, first_bread
D:4:      zin_angel, serial_shops, shop
D:5:      nemelex_xobeh_ov_fountains_minmay, uniq_eustachio, uniq_blork_the_orc
D:6:      serial_shops, nicolae_shop_stone, basic_altar, uniq_menkaure

Skill      XL: |  1  2  3  4  5  6  7  8 |
---------------+-------------------------+-----
Fighting       | 3 4 5 6 7 |  7.6
Long Blades    | 4 5 7 8 |  8.2
Throwing       | |  2.0
Dodging        | |  3.1
Shields        | |  0.6

Action                   |  1- 3 |  4- 6 |  7- 9 || total
-------------------------+-------+-------+-------++-------
Melee: Long sword        |    51 |   117 |   103 ||   271
       Constrict         |    14 |    25 |    26 ||    65
       Tentacles         |     8 |    26 |    35 ||    69
Evoke: Wand              |       |     2 |       ||     2
  Use: Potion            |       |     1 |     2 ||     3
       Scroll            |       |       |     5 ||     5
 Stab: Sleeping          |     6 |     4 |     3 ||    13
  Eat: Chunk             |     4 |     7 |     7 ||    18
Armor: Skin              |     7 |     7 |       ||    14
Dodge: Dodged            |    37 |    66 |    51 ||   154
Block: Buckler           |     4 |    17 |     7 ||    28
       Rpst.: Long sword |     9 |    24 |    14 ||    47
